 Seeded DCSS version 0.28-a0-1567-g1695149f81 (webtiles) character file.

Game seed: 128 (custom seed)

181 knot the Chopper (level 5, 27/61 HPs)
             Began as a Demonspawn Berserker on Jan 19, 2022.
             Was a Follower of Trog.
             Quit the game on level 2 of the Dungeon.
             The game lasted 00:00:54 (1266 turns).

knot the Chopper (Demonspawn Berserker)             Turns: 1266, Time: 00:00:55

Health: 27/61      AC:  2    Str: 17    XL:     5   Next: 34%
Magic:  5/5        EV: 12    Int: 10    God:    Trog [*.....]
Gold:   35         SH:  0    Dex: 13    Spells: 4/4 levels left

rFire   . . .      SeeInvis .   a - +0 hand axe
rCold   . . .      Faith    .   (no shield)
rNeg    . . .      Spirit   .   b - +0 animal skin
rPois   .          Reflect  .   (helmet restricted)
rElec   .          Harm     .   (no cloak)
rCorr   .          Rampage  .   (no gloves)
Will    .....                   (no boots)
Stlth   ..........              (no amulet)
HPRegen 0.20/turn               (no ring)
MPRegen 0.09/turn               (no ring)

@: berserking (expiring), very quick
A: antennae 2, sanguine armour 1
a: Renounce Religion, Berserk


You were on level 2 of the Dungeon.
You worshipped Trog.
Trog was aware of your devotion.
You visited 1 branch of the dungeon, and saw 2 of its levels.

You collected 35 gold pieces.

Inventory:

Hand Weapons
 a - a +0 hand axe (weapon)
 c - a +0 executioner's axe
Missiles
 d - 5 curare-tipped darts (quivered)
 g - 4 boomerangs
Armour
 b - a +0 animal skin (worn)
Jewellery
 f - a ring of wizardry
Scrolls
 e - a scroll of fog {unknown}
 j - a scroll of noise {unknown}
 k - a scroll of identify {unknown}
Potions
 h - a potion of haste {unknown}
 i - a potion of might {unknown}
 l - a potion of lignification {unknown}


   Skills:
 - Level 3.0 Fighting
 + Level 5.5 Axes
 - Level 1.7 Armour
 - Level 1.7 Dodging


You had 4 spell levels left.
You didn't know any spells.
Your spell library was empty.

Dungeon Overview and Level Annotations

Branches:
Dungeon (2/15)

Altars:


Innate Abilities, Weirdness & Mutations

You have a pair of antennae on your head.
When seriously injured, your blood forms armour. (AC +0)


Message History

A red film seems to cover your vision as you go berserk!
You feel yourself moving faster!
You feel mighty! Sigmund casts a spell at you.
You resist with significant effort.
You closely miss Sigmund.
Sigmund is lightly wounded.
You barely miss Sigmund.
Sigmund is lightly wounded.
Sigmund barely misses you.
You hit Sigmund.
Sigmund is lightly wounded.
You completely miss Sigmund.
Sigmund is lightly wounded.
Sigmund hits you with a +0 scythe.
You barely miss Sigmund.
Sigmund is lightly wounded.
You barely miss Sigmund.
Sigmund is lightly wounded.
Sigmund closely misses you.
You slash Sigmund!
Sigmund is severely wounded.
You slash Sigmund!
Sigmund is almost dead.
Sigmund completely misses you.
You slash Sigmund!
You kill Sigmund!
Trog accepts your kill.
Trog appreciates your killing of a magic user.
Your Axes skill gained 2 levels and is now at level 5!
You have reached level 3!
Your experience leads to an increase in your attributes!
Increase (S)trength, (I)ntelligence, or (D)exterity?
You feel clever. x2; Your demonic ancestry asserts itself...
You feel your blood ready itself to protect you.
You have reached level 4!
You feel agile.
Your demonic ancestry asserts itself...
The antennae on your head grow some more.
You have reached level 5!
Okay, then.
Are you sure you want to abandon this character and quit the game? (Confirm with "yes".)

#.....##########
#..............#
#.....########.#
#.....### #.#
#.......# #..
#####.#.# ###
######### #.#.#
........## #.#.#
#.....@.# #.#.#
#....)#.# ##.#.##
#.....#.# #.....#
#.....#.###.....#
#.....#..##.....#
#.....##.##.....#
########..##.#+##
#......##.#.#
#.........#.#


There were no monsters in sight!

Vanquished Creatures
  Sigmund (D:2)
  3 ball pythons (D:1)
  2 endoplasms (D:1)
  A giant cockroach (D:1)
  3 goblins (D:1)
  2 hobgoblins (D:1)
  A quokka (D:1)
  3 bats (D:1)
  2 frilled lizards
  A kobold (D:1)
  A rat (D:1)
20 creatures vanquished.

Notes
Turn   | Place    | Note
-------+----------+-------------------------------------------
     0 | D:1      | knot the Demonspawn Berserker began the quest for the Orb.
     0 | D:1      | Reached XP level 1. HP: 18/18 MP: 1/1
   162 | D:1      | Reached skill level 3 in Axes
   528 | D:1      | Gained mutation: You have a pair of small antennae on your
                  | head. [demonic ancestry]
   528 | D:1      | Reached XP level 2. HP: 24/24 MP: 2/2
  1251 | D:2      | Noticed Sigmund
  1265 | D:2      | Killed Sigmund
  1266 | D:2      | Reached skill level 5 in Axes
  1266 | D:2      | Gained mutation: When seriously injured, your blood forms
                  | armour. (AC +0) [demonic ancestry]
  1266 | D:2      | Reached XP level 3. HP: 19/29 MP: 3/3
  1266 | D:2      | Gained mutation: You have a pair of antennae on your head.
                  | [demonic ancestry]
  1266 | D:2      | Reached XP level 4. HP: 23/35 MP: 4/4
  1266 | D:2      | Reached XP level 5. HP: 27/41 MP: 5/5
  1266 | D:2      | Quit the game

Illustrated notes

Levels and vault maps discovered:
D:1:      minmay_arrival_semitransparent, layout_loops_ring
D:2:      layout_basic, uniq_sigmund

Skill      XL: |  1  2 |
---------------+-------+-----
Axes           | 3 5 |  5.5
Fighting       | |  3.0
Armour         | |  1.7
Dodging        | |  1.7

Action                   |  1- 3 |  4- 6 || total
-------------------------+-------+-------++-------
Melee: Hand axe          |    53 |       ||    53
Invok: Berserk           |     2 |       ||     2
 Stab: Sleeping          |     2 |       ||     2
Armor: Animal skin       |    14 |       ||    14
Dodge: Dodged            |    38 |       ||    38

Table legend: (Time is in decaauts)
 A = Elapsed time spent in this place.
 B = Non-inter-level travel time spent in this place.
 C = Inter-level travel time spent in this place.
 D = Time resting spent in this place.
 E = Time spent auto-exploring this place.
 F = Levels seen in this place.
 G = Mean time per level.
                   A        B        C        D        E       F      G
               +--------+--------+--------+--------+--------+-----+--------+
         Total |   1280 |   1265 |     15 |    346 |    790 |   2 |  640.0 |
       Dungeon |   1280 |   1265 |     15 |    346 |    790 |   2 |  640.0 |
               +--------+--------+--------+--------+--------+-----+--------+

Top non-repeatable levels by time:
     D:1: 1106 daAuts
     D:2: 173 daAuts
